| TOP OF THE 1ST |
|
Hamilton Cardinals batting - Pitching for Paris Cubs : LHP Noah Hornby
|
|
Pitching: LHP Noah Hornby
|
|
|
Batting: SHB Kelly Brooks
|
0-0: Called Strike 0-1: Ball 1-1: Swinging Strike 1-2: Strikes out looking
|
|
Batting: LHB Rafael Banda
|
0-0: Ball 1-0: Foul Ball, location: 2F 1-1: Ground out 4-3 (Groundball, 4, EV 88.8 MPH)
|
|
Batting: RHB Shou-feng Chang
|
0-0: Called Strike 0-1: Foul Ball, location: 2F 0-2: Strikes out swinging
|
| Top of the 1st over - 0 runs, 0 hits, 0 errors, 0 left on base; Hamilton 0 - Paris 0 |
| BOTTOM OF THE 1ST |
|
Paris Cubs batting - Pitching for Hamilton Cardinals : RHP Jae-hong Kym
|
|
Pitching: RHP Jae-hong Kym
|
|
|
Batting: RHB Willie Rubio
|
0-0: Ball 1-0: Fly out, F9 (Flyball, 9, EV 93.1 MPH)
|
|
Batting: LHB Zach Martin
|
0-0: Ball 1-0: Fly out, F8 (Flyball, 89D, EV 96.2 MPH)
|
|
Batting: LHB Jeremy Rideout
|
0-0: Ball 1-0: Fly out, F8 (Flyball, 8RD, EV 101.9 MPH)
|
| Bottom of the 1st over - 0 runs, 0 hits, 0 errors, 0 left on base; Hamilton 0 - Paris 0 |
| TOP OF THE 2ND |
|
Hamilton Cardinals batting - Pitching for Paris Cubs : LHP Noah Hornby
|
|
Batting: SHB J.T. Ready
|
0-0: Ball 1-0: Foul Ball, location: 2F 1-1: Foul Ball, location: 2F 1-2: Strikes out looking
|
|
Batting: LHB Pete Mitchell
|
0-0: Ball 1-0: Fly out, F8 (Flyball, 8LD, EV 78.1 MPH)
|
|
Batting: RHB Kyle Franken
|
0-0: Called Strike 0-1: Foul Ball, location: 2F 0-2: Strikes out swinging
|
| Top of the 2nd over - 0 runs, 0 hits, 0 errors, 0 left on base; Hamilton 0 - Paris 0 |
| BOTTOM OF THE 2ND |
|
Paris Cubs batting - Pitching for Hamilton Cardinals : RHP Jae-hong Kym
|
|
Batting: LHB David Mendez
|
0-0: Ball 1-0: Called Strike 1-1: Called Strike 1-2: Foul Ball, location: 2F 1-2: Ball 2-2: Strikes out swinging
|
|
Batting: RHB Jesus Resendez
|
0-0: Ball 1-0: Foul Ball, location: 2F 1-1: Swinging Strike 1-2: Ground out 5-3 (Groundball, 56, EV 100.0 MPH)
|
|
Batting: RHB Juan Tarin
|
0-0: Ball 1-0: Swinging Strike 1-1: Ground out 1-3 (Groundball, 13, EV 73.8 MPH)
|
| Bottom of the 2nd over - 0 runs, 0 hits, 0 errors, 0 left on base; Hamilton 0 - Paris 0 |
| TOP OF THE 3RD |
|
Hamilton Cardinals batting - Pitching for Paris Cubs : LHP Noah Hornby
|
|
Batting: SHB Jae-hong Kym
|
0-0: Ball 1-0: Called Strike 1-1: Foul Ball, location: 2F 1-2: Strikes out swinging
|
|
Batting: RHB Seung-kab Park
|
0-0: Called Strike 0-1: Ball 1-1: Swinging Strike 1-2: Foul Ball, location: 2F 1-2: Ball 2-2: Foul Ball, location: 2F 2-2: Ball 3-2: Foul Ball, location: 2F 3-2: Base on Balls
|
|
Batting: RHB Oscar Higareda
|
0-0: Ball Wild Pitch! Seung-kab Park to second 1-0: Called Strike 1-1: Swinging Strike 1-2: Ball 2-2: Strikes out looking
|
|
Batting: SHB Kelly Brooks
|
0-0: Foul Ball, location: 2F 0-1: Called Strike 0-2: Strikes out looking
|
| Top of the 3rd over - 0 runs, 0 hits, 0 errors, 1 left on base; Hamilton 0 - Paris 0 |
| BOTTOM OF THE 3RD |
|
Paris Cubs batting - Pitching for Hamilton Cardinals : RHP Jae-hong Kym
|
|
Batting: RHB Jason Banks
|
0-0: Ball 1-0: Called Strike 1-1: Ball 2-1: Ball 3-1: Ground out 5-3 (Groundball, 56, EV 104.4 MPH)
|
|
Batting: LHB Bobby Marlatt
|
0-0: Ball 1-0: Ball 2-0: Called Strike 2-1: Ball 3-1: Called Strike 3-2: Foul Ball, location: 2F 3-2: Base on Balls
|
|
Batting: RHB Michihisa Tanaka
|
0-0: Ball 1-0: Ball 2-0: Foul Ball, location: 2F 2-1: Foul Ball, location: 2F 2-2: Ball 3-2: Foul Ball, location: 2F 3-2: Base on Balls Bobby Marlatt to second
|
|
Batting: RHB Willie Rubio
|
0-0: Ball 1-0: SINGLE (Groundball, 6MD, EV 98.1 MPH) Bobby Marlatt to third Michihisa Tanaka to second
|
|
Batting: LHB Zach Martin
|
0-0: Hit by Pitch Bobby Marlatt scores Michihisa Tanaka to third Willie Rubio to second
|
|
Batting: LHB Jeremy Rideout
|
0-0: Ball 1-0: DOUBLE (Groundball, 3L, EV 105.0 MPH) Michihisa Tanaka scores Willie Rubio scores Zach Martin to third Runner from 3rd tries for Home, SAFE, throw by RF to trailing runner, SAFE at third!
|
|
Batting: LHB David Mendez
|
0-0: Called Strike 0-1: Foul Ball, location: 2F 0-2: Strikes out swinging
|
|
Batting: RHB Jesus Resendez
|
0-0: Ball 1-0: Fly out, F9 (Flyball, 9, EV 92.5 MPH)
|
| Bottom of the 3rd over - 4 runs, 2 hits, 0 errors, 1 left on base; Hamilton 0 - Paris 4 |
| TOP OF THE 4TH |
|
Hamilton Cardinals batting - Pitching for Paris Cubs : LHP Noah Hornby
|
|
Batting: LHB Rafael Banda
|
0-0: Fly out, F8 (Flyball, 8RD, EV 88.8 MPH)
|
|
Batting: RHB Shou-feng Chang
|
0-0: SINGLE (Groundball, 56D, EV 97.5 MPH)
|
|
Batting: SHB J.T. Ready
|
0-0: Ball 1-0: Called Strike 1-1: Foul Ball, location: 2F 1-2: Foul Ball, location: 2F 1-2: Ball 2-2: Fly out, F5 (Line Drive, 56, EV 66.9 MPH)
|
|
Batting: LHB Pete Mitchell
|
0-0: Ball 1-0: Ball 2-0: Fly out, F6 (Popup, 15S, EV 92.5 MPH)
|
| Top of the 4th over - 0 runs, 1 hit, 0 errors, 1 left on base; Hamilton 0 - Paris 4 |
| BOTTOM OF THE 4TH |
|
Paris Cubs batting - Pitching for Hamilton Cardinals : RHP Jae-hong Kym
|
|
Batting: RHB Juan Tarin
|
0-0: SINGLE (Groundball, 56D, EV 103.1 MPH)
|
|
Batting: RHB Jason Banks
|
0-0: Foul Ball, location: 2F 0-1: Ground out 5-3 (Groundball, 56S, EV 68.1 MPH) Juan Tarin to second
|
|
Batting: LHB Bobby Marlatt
|
0-0: Called Strike 0-1: Swinging Strike 0-2: Ball 1-2: SINGLE (Line Drive, 5D, EV 101.9 MPH) Juan Tarin to third
|
|
Batting: RHB Michihisa Tanaka
|
Pickoff Throw to First - Error! E1 Juan Tarin scores Bobby Marlatt to second 0-0: Ball 1-0: Ball 2-0: DOUBLE (Flyball, 8LXD, EV 105.6 MPH) Bobby Marlatt scores
|
|
Pitching: RHP Tom Gordam
|
|
|
Batting: RHB Willie Rubio
|
0-0: Ball 1-0: Called Strike 1-1: SINGLE (Flyball, 9LS, EV 96.9 MPH) Michihisa Tanaka to third
|
|
Batting: LHB Zach Martin
|
0-0: Fly out, F6 (Popup, 4M, EV 75.0 MPH)
|
|
Batting: LHB Jeremy Rideout
|
0-0: Called Strike 0-1: Fly out, F9 (Line Drive, 9, EV 92.5 MPH)
|
| Bottom of the 4th over - 2 runs, 4 hits, 1 error, 2 left on base; Hamilton 0 - Paris 6 |
| TOP OF THE 5TH |
|
Hamilton Cardinals batting - Pitching for Paris Cubs : LHP Noah Hornby
|
|
Batting: RHB Kyle Franken
|
0-0: Ball 1-0: SINGLE (Groundball, 4MD, EV 101.2 MPH)
|
|
Batting: SHB Jae-hong Kym
|
0-0: Ball 1-0: Foul Ball, location: 2F 1-1: Ball 2-1: Fly out, F7 (Line Drive, 78M, EV 105.6 MPH)
|
|
Batting: RHB Seung-kab Park
|
0-0: Ball 1-0: Foul Ball, location: 2F 1-1: Swinging Strike 1-2: Foul Ball, location: 2F 1-2: Ball 2-2: Ball 3-2: Strikes out swinging
|
|
Batting: RHB Oscar Higareda
|
0-0: Ball 1-0: Fly out, F9 (Flyball, 9S, EV 86.9 MPH)
|
| Top of the 5th over - 0 runs, 1 hit, 0 errors, 1 left on base; Hamilton 0 - Paris 6 |
| BOTTOM OF THE 5TH |
|
Paris Cubs batting - Pitching for Hamilton Cardinals : RHP Tom Gordam
|
|
Batting: LHB David Mendez
|
0-0: Ball 1-0: Ball 2-0: Ball 3-0: Base on Balls
|
|
Batting: RHB Jesus Resendez
|
0-0: Ball 1-0: Foul Ball, location: 2F 1-1: Ball 2-1: Grounds into double play, 4-6-3 (Groundball, 34, EV 102.5 MPH)
|
|
Batting: RHB Juan Tarin
|
0-0: Swinging Strike 0-1: Swinging Strike 0-2: SOLO HOME RUN (Flyball, 9D, EV 103.1 MPH), Distance : 384 ft
|
|
Batting: RHB Jason Banks
|
0-0: Swinging Strike 0-1: Called Strike 0-2: Ball 1-2: Strikes out swinging
|
| Bottom of the 5th over - 1 run, 1 hit, 0 errors, 0 left on base; Hamilton 0 - Paris 7 |
| TOP OF THE 6TH |
|
Hamilton Cardinals batting - Pitching for Paris Cubs : LHP Noah Hornby
|
|
Batting: SHB Kelly Brooks
|
0-0: Foul Ball, location: 2F 0-1: Ball 1-1: Called Strike 1-2: Ball 2-2: Ground out 4-3 (Groundball, 34, EV 105.0 MPH)
|
|
Pitching: RHP Kichijo Robinson
|
|
|
Batting: LHB Rafael Banda
|
0-0: Called Strike 0-1: Ground out U3 (Groundball, 3, EV 94.4 MPH)
|
|
Batting: RHB Shou-feng Chang
|
0-0: Swinging Strike 0-1: Swinging Strike 0-2: Strikes out swinging
|
| Top of the 6th over - 0 runs, 0 hits, 0 errors, 0 left on base; Hamilton 0 - Paris 7 |
| BOTTOM OF THE 6TH |
|
Paris Cubs batting - Pitching for Hamilton Cardinals : RHP Tom Gordam
|
|
Batting: LHB Bobby Marlatt
|
0-0: Swinging Strike 0-1: Foul Ball, location: 2F 0-2: Strikes out looking
|
|
Batting: RHB Michihisa Tanaka
|
0-0: Called Strike 0-1: Ball 1-1: Swinging Strike 1-2: Ball 2-2: Strikes out swinging
|
|
Batting: RHB Willie Rubio
|
0-0: Called Strike 0-1: Ball 1-1: Called Strike 1-2: Foul Ball, location: 2F 1-2: Strikes out swinging
|
| Bottom of the 6th over - 0 runs, 0 hits, 0 errors, 0 left on base; Hamilton 0 - Paris 7 |
| TOP OF THE 7TH |
|
Hamilton Cardinals batting - Pitching for Paris Cubs : RHP Kichijo Robinson
|
|
Pinch Hitting: RHB Arnold Schuler
|
0-0: Called Strike 0-1: Ball 1-1: SINGLE (Line Drive, 7S, EV 94.4 MPH)
|
|
Batting: LHB Pete Mitchell
|
0-0: Grounds into double play, 3-6-3 (Groundball, 13, EV 79.4 MPH)
|
|
Batting: RHB Kyle Franken
|
0-0: Ball 1-0: Ball 2-0: Fly out, F8 (Flyball, 8RD, EV 84.4 MPH)
|
| Top of the 7th over - 0 runs, 1 hit, 0 errors, 0 left on base; Hamilton 0 - Paris 7 |
| BOTTOM OF THE 7TH |
|
Paris Cubs batting - Pitching for Hamilton Cardinals : RHP Tom Gordam
|
|
Now at 1B: Arnold Schuler
|
|
|
Batting: LHB Zach Martin
|
0-0: Ball 1-0: Ball 2-0: Ground out 4-3 (Groundball, 4, EV 80.0 MPH)
|
|
Batting: LHB Jeremy Rideout
|
0-0: Ground out 6-3 (Groundball, 6, EV 105.6 MPH)
|
|
Batting: LHB David Mendez
|
0-0: Fly out, F7 (Flyball, 78M, EV 83.8 MPH)
|
| Bottom of the 7th over - 0 runs, 0 hits, 0 errors, 0 left on base; Hamilton 0 - Paris 7 |
| TOP OF THE 8TH |
|
Hamilton Cardinals batting - Pitching for Paris Cubs : RHP Kichijo Robinson
|
|
Batting: SHB Jae-hong Kym
|
0-0: Ball 1-0: Called Strike 1-1: Called Strike 1-2: Strikes out swinging
|
|
Batting: RHB Seung-kab Park
|
0-0: Called Strike 0-1: Ball 1-1: Foul Ball, location: 2F 1-2: Ball 2-2: Strikes out swinging
|
|
Pitching: LHP Mike Anderson
|
|
|
Batting: RHB Oscar Higareda
|
0-0: SINGLE (Groundball, 4MD, EV 98.8 MPH)
|
|
Batting: SHB Kelly Brooks
|
0-0: Foul Ball, location: 2F 0-1: Swinging Strike 0-2: Fly out, F9 (Line Drive, 9S, EV 86.9 MPH)
|
| Top of the 8th over - 0 runs, 1 hit, 0 errors, 1 left on base; Hamilton 0 - Paris 7 |
| BOTTOM OF THE 8TH |
|
Paris Cubs batting - Pitching for Hamilton Cardinals : RHP Tom Gordam
|
|
Pinch Hitting: LHB Don Crockett
|
0-0: Called Strike 0-1: Called Strike 0-2: Foul Ball, location: 2F 0-2: Ball 1-2: Ground out 4-3 (Groundball, 4S, EV 85.0 MPH)
|
|
Batting: RHB Juan Tarin
|
0-0: Swinging Strike 0-1: Ball 1-1: Swinging Strike 1-2: Foul Ball, location: 2F 1-2: Strikes out looking
|
|
Batting: RHB Jason Banks
|
0-0: Ball 1-0: Called Strike 1-1: Ball 2-1: Ball 3-1: Base on Balls
|
|
Batting: LHB Bobby Marlatt
|
0-0: Ground out 4-3 (Groundball, 4, EV 83.8 MPH)
|
| Bottom of the 8th over - 0 runs, 0 hits, 0 errors, 1 left on base; Hamilton 0 - Paris 7 |
| TOP OF THE 9TH |
|
Hamilton Cardinals batting - Pitching for Paris Cubs : LHP Mike Anderson
|
|
Now in RF: Don Crockett
|
|
|
Batting: LHB Rafael Banda
|
0-0: Ball 1-0: Ball 2-0: Called Strike 2-1: Ball 3-1: Swinging Strike 3-2: Base on Balls
|
|
Batting: RHB Shou-feng Chang
|
0-0: Ball 1-0: Swinging Strike 1-1: Ball 2-1: Fly out, F5 (Popup, 25, EV 86.2 MPH)
|
|
Batting: RHB Arnold Schuler
|
0-0: Called Strike 0-1: Fly out, F7 (Flyball, 7D, EV 102.5 MPH)
|
|
Batting: LHB Pete Mitchell
|
0-0: 2-RUN HOME RUN (Flyball, 9LD, EV 88.8 MPH), Distance : 343 ft
|
|
Batting: RHB Kyle Franken
|
0-0: Called Strike 0-1: Ball 1-1: Foul Ball, location: 2F 1-2: Ball 2-2: Ball 3-2: Fly out, F9 (Flyball, 9S, EV 86.2 MPH)
|
| Top of the 9th over - 2 runs, 1 hit, 0 errors, 0 left on base; Hamilton 2 - Paris 7 |
|